 Dungeon Crawl Stone Soup version 0.27-a0-393-gba1aca71f1 (webtiles) character file.

Game seed: 1817610532721188788

28 CryoSword the Grasshopper (level 3, 2/18 HPs)
             Began as a Vine Stalker Warper on Feb 20, 2021.
             Quit the game on level 2 of the Dungeon.
             The game lasted 00:01:19 (1021 turns).

CryoSword the Grasshopper (Vine Stalker Warper)     Turns: 1021, Time: 00:01:20

Health: 2/18       AC:  4    Str: 13    XL:     3   Next: 14%
Magic:  5/7        EV: 12    Int: 13    God:
Gold:   66         SH:  0    Dex: 14    Spells: 4/6 levels left

rFire    . . .     SeeInvis .   a - +0 short sword
rCold    . . .     Faith    .   (no shield)
rNeg     . . .     Spirit   +   b - +0 leather armour
rPois    .         Reflect  .   (no helmet)
rElec    .         Harm     .   (no cloak)
rCorr    .         Rampage  .   (no gloves)
Will     .....                  j - +0 pair of boots
Stlth    ++........             (no amulet)
HPRegen  0.06/turn              (no ring)
MPRegen  0.10/turn              (no ring)

@: lethally poisoned (2 -> -7), flying
A: fangs 2, magic shield, antimagic bite, no potion heal 3
a: no special abilities


You were on level 2 of the Dungeon.
You visited 1 branch of the dungeon, and saw 2 of its levels.

You collected 66 gold pieces.

Inventory:

Hand Weapons
 a - a +0 short sword (weapon)
Missiles
 e - 5 boomerangs of dispersal (quivered) {!f}
 g - 16 poisoned darts
Armour
 b - a +0 leather armour (worn)
 j - a +0 pair of boots (worn)
   (You found it on level 1 of the Dungeon)
Scrolls
 c - 5 scrolls of identify {unknown}
 d - a scroll of blinking
 f - 2 scrolls of fear {unknown}
 i - a scroll of teleportation {unknown}
 l - a scroll of random uselessness {unknown}
 n - a scroll of noise {unknown}
Potions
 k - a potion of flight


   Skills:
 + Level 2.0 Fighting
 * Level 2.3 Short Blades
 - Level 0.8 Throwing
 - Level 0.7 Armour
 + Level 1.8 Dodging
 + Level 1.2 Stealth
 - Level 2.1 Spellcasting
 + Level 3.2 Translocations


You had 4 spell levels left.
You knew the following spells:

 Your Spells              Type           Power        Failure   Level
a - Blink                 Tloc           N/A          13%         2

Your spell library contained the following spells:

 Spells                   Type           Power        Failure   Level
 Gell's Gravitas          Tloc           4%           26%         3
 Lesser Beckoning         Tloc           4%           26%         3
 Teleport Other           Tloc           9%           26%         3
 Manifold Assault         Tloc           9%           63%         4


Dungeon Overview and Level Annotations

Branches:
Dungeon (2/15)

Altars:


Innate Abilities, Weirdness & Mutations

You have extremely sharp teeth.
When hurt, damage is shared between your health and your magic reserves.
Your bite disrupts and absorbs the magic of your enemies.
Potions cannot restore your health.


Message History

You barely miss the kobold. The kobold hits you but does no damage.
You hit the kobold. Your bite misses the kobold.
The kobold hits you but does no damage.
You miss the kobold. You bite the kobold, but do no damage.
The kobold misses you.
You hit the kobold but do no damage. Your bite misses the kobold.
The kobold barely misses you.
You hit the kobold but do no damage. Your bite misses the kobold.
The kobold hits you but does no damage.
You hit the kobold.
You kill the kobold!
No target in view!
c - 5 scrolls labelled WUVEAK TUTUQOK (gained 2)
A frilled lizard comes into view.
A frilled lizard is nearby!
A frilled lizard is nearby!
A frilled lizard is nearby!
The frilled lizard hisses angrily.
The frilled lizard bites you.
You hit the frilled lizard but do no damage.
The frilled lizard bites you but does no damage.
You miss the frilled lizard. You bite the frilled lizard. You drain its power.
You feel invigorated. The frilled lizard closely misses you.
You barely miss the frilled lizard. Your bite misses the frilled lizard.
The frilled lizard misses you.
You barely miss the frilled lizard.
The frilled lizard bites you but does no damage.
You closely miss the frilled lizard. Your bite misses the frilled lizard.
The frilled lizard bites you.
You miss the frilled lizard.
The frilled lizard completely misses you.
You closely miss the frilled lizard. Your bite misses the frilled lizard.
The frilled lizard closely misses you.
You hit the frilled lizard.
You kill the frilled lizard!
A bat comes into view.
A bat is nearby!
The bat barely misses you.
You hit the bat.
You kill the bat!
You have reached level 3!
Your experience leads to an increase in your attributes!
Increase (S)trength, (I)ntelligence, or (D)exterity?
You feel agile.
You start resting.
You start resting.
There is a stone staircase leading down here.
There is a stone staircase leading down here.
You enter the shallow water.
Moving in this stuff is going to be slow.
Key pressed, stopping explore.
m - an amethyst potion You see here a +0 club.
Found a stone staircase leading down.
You now have 46 gold pieces (gained 14).
You enter the shallow water.
Moving in this stuff is going to be slow.
There is an open door here.
There is an open door here.
No target in view!
You open the door.
There is an open door here.
You now have 59 gold pieces (gained 13).
Could not explore, unopened door.
Could not explore, unopened door.
You open the door.
There is an open door here.
n - a scroll labelled WONACZ TULLOAD Done exploring.
Done exploring.
You can't go down here!
Done exploring.
You open the door.
There is an open door here.
There is an open door here.
You enter the shallow water.
Moving in this stuff is going to be slow.
There is a stone staircase leading down here.
You climb downwards.
Found 7 gold pieces.
There is a stone staircase leading up here.
You now have 66 gold pieces (gained 7).
Found a stone staircase leading up.
A jackal comes into view.
The jackal barks!
You hear a bark!
You hear a shout!
A hobgoblin comes into view. It is wielding a +0 club.
There are monsters nearby!
There are monsters nearby!
There are monsters nearby!
A jackal comes into view.
The jackal barks!
You completely miss the jackal. The jackal bites you.
You hit the jackal. The jackal closely misses you.
The jackal barely misses you.
You barely miss the jackal. Your bite misses the jackal.
The jackal completely misses you. The jackal barely misses you.
You hit the jackal.
You kill the jackal!
The jackal closely misses you. x2
You closely miss the jackal. The jackal closely misses you.
You hit the jackal but do no damage. The jackal bites you.
You barely miss the jackal. You bite the jackal. You drain its power.
You feel invigorated.
The jackal bites you but does no damage.
The jackal misses you.
You hit the jackal. You bite the jackal.
You kill the jackal!
The hobgoblin hits you but does no damage.
You barely miss the hobgoblin. Your bite misses the hobgoblin.
You hit the hobgoblin but do no damage. The hobgoblin barely misses you.
You hit the hobgoblin. Your bite misses the hobgoblin.
The hobgoblin hits you but does no damage.
You hit the hobgoblin but do no damage. The hobgoblin barely misses you.
You closely miss the hobgoblin. Your bite misses the hobgoblin.
The hobgoblin hits you with a +0 club.
You hit the hobgoblin.
You kill the hobgoblin!
No target in view!
A worker ant comes into view.
A worker ant is nearby!
A worker ant is nearby!
Things that are here:
a +0 club; a hobgoblin corpse; a jackal corpse You barely miss the worker ant.
You bite the worker ant. You drain its power. The worker ant bites you.
You are poisoned.
The worker ant poisons you! The worker ant bites you.
You hit the worker ant.
You bite the worker ant, but do no damage.
You feel sick. The worker ant bites you.
* * * LOW HITPOINT WARNING * * *
You are lethally poisoned!
The worker ant poisons you!
It was a potion of flight.
You feel very buoyant.
You fly up into the air.
* * * LOW HITPOINT WARNING * * *
You feel sick. The worker ant bites you.
* * * LOW HITPOINT WARNING * * *
You are more poisoned.
The worker ant poisons you!
It was a potion of magic.
Magic courses through your body.
* * * LOW HITPOINT WARNING * * *
You feel sick. The worker ant misses you.
Unknown command.
It was a potion of curing.
Your system rejects the healing.
You feel better. The worker ant bites you.
* * * LOW HITPOINT WARNING * * *
You are lethally poisoned!
The worker ant poisons you!

### #.. #.# #.# #.# #
# #.####.#
.####.##†<....#
......B@...#
.####.####.# # #.#
###.#### #......#
#.#.##.# #########
#.#.##.#
#.......###.#.##.####
#...###..............


You could see a worker ant.

Vanquished Creatures
  A gnoll (D:1)
  An ooze (D:1)
  3 bats (D:1)
  A hobgoblin (D:2)
  2 jackals (D:2)
  2 kobolds (D:1)
  A frilled lizard (D:1)
  2 goblins (D:1)
  2 rats (D:1)
15 creatures vanquished.

Notes
Turn   | Place    | Note
-------+----------+-------------------------------------------
     0 | D:1      | CryoSword the Vine Stalker Warper began the quest for the
                  | Orb.
     0 | D:1      | Reached XP level 1. HP: 11/11 MP: 4/4
   163 | D:1      | Reached XP level 2. HP: 8/15 MP: 3/6
   302 | D:1      | Learned a level 2 spell: Blink
   423 | D:1      | Reached skill level 1 in Stealth
   538 | D:1      | Reached XP level 3. HP: 15/18 MP: 5/7
  1021 | D:2      | Quit the game

Illustrated notes

Levels and vault maps discovered:
D:1:      sevenhm_arrival_forest_fort_small_1, layout_loops_ring, serial_glass,
          glass_columns_b, glass_columns_a, feat_on_display
D:2:      layout_loops_cross, lemuel_round_altar, hex_tiny

Skill      XL: |  1  2 |
---------------+-------+-----
Short Blades   | 2 |  2.3
Fighting       | 2 |  2.0
Stealth        | 1 |  1.2
Throwing       | |  0.8
Armour         | |  0.7
Dodging        | |  1.8
Spellcasting   | |  2.1
Translocations | |  3.2

Action                   || total
-------------------------++-------
Melee: Short sword       ||    58
       Bite              ||    11
  Use: Potion            ||     3
Armor: Leather armour    ||    14
Dodge: Dodged            ||    37

Table legend: (Time is in decaauts)
 A = Elapsed time spent in this place.
 B = Non-inter-level travel time spent in this place.
 C = Inter-level travel time spent in this place.
 D = Time resting spent in this place.
 E = Time spent auto-exploring this place.
 F = Levels seen in this place.
 G = Mean time per level.
                   A        B        C        D        E       F      G
               +--------+--------+--------+--------+--------+-----+--------+
         Total |   1025 |    999 |     26 |    175 |    683 |   2 |  512.5 |
       Dungeon |   1025 |    999 |     26 |    175 |    683 |   2 |  512.5 |
               +--------+--------+--------+--------+--------+-----+--------+

Top non-repeatable levels by time:
     D:1: 940 daAuts
     D:2: 85 daAuts
